 Dungeon Crawl Stone Soup version 0.19.1 (webtiles) character file.

11010 nikopol the Cleaver (level 11, -1/99 HPs)
             Began as a Minotaur Berserker on Nov 28, 2016.
             Was a High Priest of Trog.
             Slain by a komodo dragon (2 damage)
             ... on level 1 of the Lair of Beasts.
             The game lasted 00:26:37 (8629 turns).

nikopol the Cleaver (Minotaur Berserker)            Turns: 8629, Time: 00:26:38

Health: -1/99      AC: 15    Str: 30    XL:     11   Next: 43%
Magic:  10/10      EV: 13    Int:  4    God:    Trog [*****.]
Gold:   421        SH:  0    Dex: 13    Spells: 0 memorised, 10 levels left

rFire  + . .     SeeInvis .     a - +5 hand axe of Plunder {chop, *Noise *Corrode MR+ Str+8}
rCold  . . .     Gourm    +     i - +0 chain mail (curse)
rNeg   . . .     Faith    .     (no shield)
rPois  .         Spirit   .     (helmet restricted)
rElec  .         Reflect  .     N - +0 cloak
rCorr  +         Harm     .     v - +0 pair of gloves
MR     +....                    o - +0 pair of boots
Stlth  ..........               r - amulet of the gourmand
                                H - ring of resist corrosion
                                F - ring of protection from fire

@: exhausted, slowed, very slow
A: retaliatory headbutt, horns 2
a: Berserk, Trog's Hand, Brothers in Arms, Burn Spellbooks, Renounce Religion


You were on level 1 of the Lair of Beasts.
You worshipped Trog.
Trog was extremely pleased with you.
You were very full.

You visited 2 branches of the dungeon, and saw 9 of its levels.

You collected 613 gold pieces.
You spent 192 gold pieces at shops.

Inventory:

Hand Weapons
 a - the +5 hand axe of Plunder (weapon) {chop, *Noise *Corrode MR+ Str+8}
   (You bought it in a shop on level 4 of the Dungeon)

   It inflicts extra damage upon your enemies.
   It affects your strength (+8).
   It affects your resistance to hostile enchantments.
   It may make noises in combat.
   It may corrode you when you take damage.
 z - a +0 shortbow
Missiles
 k - 119 arrows (quivered)
Armour
 b - a +0 animal skin
 e - a +0 leather armour
 i - a cursed +0 chain mail (worn)
 o - a +0 pair of boots (worn)
 v - a +0 pair of gloves (worn)
 N - a +0 cloak (worn)
Jewellery
 r - an amulet of the gourmand (around neck)
 F - a ring of protection from fire (left hand)
 H - a ring of resist corrosion (right hand)
 J - an uncursed amulet of faith {unknown}
 R - an uncursed ring of magical power {unknown}
Wands
 n - a wand of random effects (30/48)
 s - a wand of polymorph (5/24)
 G - a wand of disintegration (5/24)
 Q - a wand of digging (16/24)
 T - a wand of enslavement (13/24)
 Y - a wand of slowing (11/48)
Scrolls
 f - 6 scrolls of amnesia {unknown}
 j - 5 scrolls of teleportation {unknown}
 l - 12 scrolls of identify {unknown}
 m - 4 scrolls of remove curse {unknown}
 q - a scroll of noise {unknown}
 t - 4 scrolls of enchant weapon {unknown}
 w - 2 scrolls of fear {unknown}
 x - 2 scrolls of random uselessness {unknown}
 y - a scroll of immolation {unknown}
 A - 2 scrolls of fog {unknown}
 I - 3 scrolls of magic mapping {unknown}
 M - a scroll of recharging {unknown}
 O - a scroll of vulnerability {unknown}
Potions
 d - 3 potions of resistance {unknown}
 g - a potion of haste {unknown}
 h - 3 potions of mutation {unknown}
 p - 2 potions of curing {unknown}
 B - 3 potions of lignification {unknown}
 C - a potion of invisibility {unknown}
 D - 2 potions of heal wounds {unknown}
 P - a potion of flight {unknown}
 S - a potion of agility {unknown}
 X - a potion of ambrosia {unknown}
Books
 E - a book of Geomancy

   Spells                             Type                      Level
   a - Sandblast                      Earth                        1
   b - Passwall                       Transmutation/Earth          2
   c - Stone Arrow                    Conjuration/Earth            3
   d - Petrify                        Transmutation/Earth          4
   e - Lee's Rapid Deconstruction     Earth                        5
   Trog disapproves of the use of such an item.
 V - a book of Flames

   Spells                             Type                      Level
   a - Flame Tongue                   Conjuration/Fire             1
   b - Throw Flame                    Conjuration/Fire             2
   c - Conjure Flame                  Conjuration/Fire             3
   d - Inner Flame                    Hexes/Fire                   3
   e - Sticky Flame                   Conjuration/Fire             4
   f - Fireball                       Conjuration/Fire             5
   Trog disapproves of the use of such an item.
 W - a book of Debilitation

   Spells                             Type                      Level
   a - Corona                         Hexes                        1
   b - Slow                           Hexes                        2
   c - Gell's Gravitas                Hexes/Translocation          3
   d - Inner Flame                    Hexes/Fire                   3
   e - Cause Fear                     Hexes                        4
   f - Leda's Liquefaction            Hexes/Earth                  4
   Trog disapproves of the use of such an item.
Comestibles
 c - 8 bread rations
 u - 3 meat rations
 K - 7 chunks of flesh
 L - 6 beef jerkies
 U - a royal jelly


   Skills:
 + Level 9.8 Fighting
 * Level 12.0 Axes
 * Level 9.1 Bows
 + Level 9.2 Armour
 + Level 8.5 Dodging


You had 10 spell levels left.
You didn't know any spells.

Dungeon Overview and Level Annotations

Branches:
Dungeon (8/15)             Temple (0/1) D:4            Lair (1/6) D:8

Altars:
Cheibriados
Fedhas
Nemelex Xobeh
Xom
Yredelemnul
Zin
The Shining One

Shops:
D:4 (   D:6 =   D:7 *


Innate Abilities, Weirdness & Mutations

You reflexively headbutt those who attack you in melee.
You have a pair of horns on your head.


Message History

Okay, then.
The komodo dragon bites you. The komodo dragon bites you!!
The komodo dragon bites you!
The six-headed hydra bites you but does no damage.
The six-headed hydra barely misses you. x2; The six-headed hydra bites you!
* * * LOW HITPOINT WARNING * * *
The six-headed hydra bites you but does no damage.
The six-headed hydra bites you.
* * * LOW HITPOINT WARNING * * *
Wield which item (- for none, * to show all)? (? for menu, Esc to quit)
a - the +5 hand axe of Plunder (weapon)
{chop, *Noise *Corrode MR+ Str+8} The six-headed hydra bites you.
* * * LOW HITPOINT WARNING * * *
The six-headed hydra barely misses you. The six-headed hydra bites you!
* * * LOW HITPOINT WARNING * * *
The six-headed hydra bites you!
* * * LOW HITPOINT WARNING * * *
The six-headed hydra bites you but does no damage. x2
The komodo dragon bites you.
You die...

##....... #........
###........ ......b...
## #......... ##.#
#.......(. ....###
#......(.. .....P#
#.@....... .(....#
#Dl[...... ......#
##........ #+#+..#
#........ ......#
#######†....... ....#.#
#.....)(##.....
#...#.####......## .....
#.⌠.....................
....#.#.................


You could see a six-headed hydra and a komodo dragon.

Vanquished Creatures
  The ghost of Zebulonius the Severer, a novice MiBe of Trog (D:7)
  Pikel (D:7)
  Joseph (D:7)
  A spiny frog (Lair:1)
  3 komodo dragons
  The ghost of azzavlup the Skirmisher, a novice VSAr of Elyvilon (D:6)
  A hornet (D:8)
  A two-headed ogre (D:8)
  A hippogriff (Lair:1)
  The ghost of Swippen the Chopper, an amateur GrBe of Trog (D:4)
  Sigmund (D:2)
  A wyvern (D:8)
  A wraith (D:8)
  11 yaks
  2 basilisks
  The ghost of Beholder179 the Cutter, an amateur KoAK of Lugonu (D:3)
  2 water moccasins
  A porcupine (Lair:1)
  3 orc warriors
  5 sky beasts
  3 ogres
  3 phantoms
  5 necrophages
  3 wolves (Lair:1)
  3 centaurs
  4 crocodiles
  5 bullfrogs
  2 big kobolds (D:8)
  2 scorpions
  6 killer bees (D:8)
  3 electric eels (Lair:1)
  4 bullfrog zombies
  6 hounds
  4 jellies
  Crazy Yiuf (D:7)
  13 orc wizards
  7 orc priests
  2 centaur skeletons
  2 bullfrog skeletons
  3 iguanas
  Ijyb (D:2)
  3 worker ants
  2 killer bee zombies
  3 gnolls (D:7)
  5 adders
  2 shadow imps
  An ooze (D:6)
  An adder zombie (D:8)
  An adder skeleton (D:6)
  2 worms
  4 leopard geckos
  33 orcs
  A ball python (D:1)
  6 giant cockroaches
  12 goblins
  A hobgoblin (D:3)
  11 jackals
  10 kobolds
  6 quokkas
  6 bats
  4 frilled lizards
  A quokka skeleton (D:8)
  A quokka zombie (D:6)
  6 rats
  7 bushes (D:6)
  8 plants (D:6)
259 creatures vanquished.

Vanquished Creatures (others)
  3 plants (D:6)
3 creatures vanquished.

Grand Total: 262 creatures vanquished

Notes
Turn   | Place    | Note
-------+----------+-------------------------------------------
     0 | D:1      | nikopol the Minotaur Berserker began the quest for the Orb.
     0 | D:1      | Reached XP level 1. HP: 19/19 MP: 0/0
   340 | D:1      | Reached XP level 2. HP: 27/27 MP: 1/1
   412 | D:1      | Reached skill level 4 in Axes
   784 | D:2      | Reached ** piety under Trog
   843 | D:2      | Reached XP level 3. HP: 26/33 MP: 2/2
  1077 | D:2      | Noticed Sigmund
  1086 | D:2      | Killed Sigmund
  1086 | D:2      | Reached skill level 5 in Axes
  1086 | D:2      | Reached XP level 4. HP: 41/41 MP: 3/3
  1086 | D:2      | Reached XP level 5. HP: 47/47 MP: 4/4
  1144 | D:2      | Found a glowing golden altar of the Shining One.
  1144 | D:2      | Found a basalt altar of Yredelemnul.
  1144 | D:2      | Found a shimmering altar of Xom.
  1417 | D:2      | Noticed Ijyb
  1430 | D:2      | Killed Ijyb
  1488 | D:2      | Reached skill level 5 in Fighting
  1641 | D:3      | Reached XP level 6. HP: 56/56 MP: 5/5
  1827 | D:3      | Noticed Beholder179's ghost (amateur KoAK)
  1834 | D:3      | Killed Beholder179's ghost
  1834 | D:3      | Reached *** piety under Trog
  2010 | D:3      | Found a blossoming altar of Fedhas.
  2206 | D:4      | Reached skill level 6 in Axes
  2206 | D:4      | Reached XP level 7. HP: 62/62 MP: 6/6
  2427 | D:4      | Noticed Swippen's ghost (amateur GrBe)
  2435 | D:4      | Killed Swippen's ghost
  2435 | D:4      | Reached skill level 5 in Armour
  2435 | D:4      | Reached skill level 5 in Dodging
  2582 | D:4      | Found a staircase to the Ecumenical Temple.
  3015 | D:4      | Found Ovele's Antique Weapon Emporium.
  3018 | D:4      | Bought a faintly glowing hand axe for 192 gold pieces
  3020 | D:4      | Identified the +5 hand axe of Plunder {chop, *Noise *Corrode MR+ Str+8} (You bought it in a shop on level 4 of the Dungeon)
  3257 | D:4      | Found a sparkling altar of Nemelex Xobeh.
  3545 | D:5      | Entered Level 5 of the Dungeon
  3611 | D:5      | Reached XP level 8. HP: 71/71 MP: 7/7
  3612 | D:5      | Reached **** piety under Trog
  4018 | D:5      | Found a snail-covered altar of Cheibriados.
  4161 | D:6      | Reached skill level 7 in Axes
  4161 | D:6      | Reached skill level 1 in Bows
  4620 | D:6      | Noticed azzavlup's ghost (novice VSAr)
  4630 | D:6      | Killed azzavlup's ghost
  4630 | D:6      | Reached skill level 8 in Axes
  4705 | D:6      | Found Barha's Jewellery Shoppe.
  4790 | D:6      | Found a blossoming altar of Fedhas.
  4833 | D:6      | Reached XP level 9. HP: 79/79 MP: 8/8
  5014 | D:7      | Found Zin's Purification Station.
  5014 | D:7      | Found a glowing silver altar of Zin.
  5125 | D:7      | Reached skill level 9 in Axes
  5216 | D:7      | Noticed Joseph
  5238 | D:7      | Killed Joseph
  5238 | D:7      | Reached skill level 5 in Bows
  5817 | D:7      | Noticed Pikel
  5828 | D:7      | Killed Pikel
  5839 | D:7      | Reached XP level 10. HP: 84/88 MP: 9/9
  5916 | D:7      | Found a runed door.
  6303 | D:7      | Noticed Crazy Yiuf
  6303 | D:7      | Noticed Zebulonius's ghost (novice MiBe)
  6311 | D:7      | Killed Zebulonius's ghost
  6311 | D:7      | Reached skill level 10 in Axes
  6313 | D:7      | Killed Crazy Yiuf
  6406 | D:8      | Received a gift from Trog
  6485 | D:8      | Reached skill level 11 in Axes
  6561 | D:8      | Reached ***** piety under Trog
  7140 | D:8      | Found a staircase to the Lair.
  7491 | D:8      | Received a gift from Trog
  7493 | D:8      | Reached XP level 11. HP: 79/97 MP: 10/10
  7682 | Lair:1   | Entered Level 1 of the Lair of Beasts
  8584 | Lair:1   | Received a gift from Trog
  8601 | Lair:1   | Reached skill level 12 in Axes
  8619 | Lair:1   | Noticed a six-headed hydra
  8629 | Lair:1   | HP: 1/99 [six-headed hydra (11)]
  8629 | Lair:1   | Slain by a komodo dragon

Skill      XL: |  1  2  3  4  5  6  7  8  9 10 11 |
---------------+----------------------------------+-----
Axes           | 4 5 6 8 9 11 12 | 12.0
Armour         | 3 4 5 6 7 8 9 |  9.2
Fighting       | 4 5 6 7 8 9 |  9.8
Dodging        | 3 4 5 6 7 8 |  8.5
Bows           | 3 6 8 9 |  9.1

Action                   |  1- 3 |  4- 6 |  7- 9 | 10-12 || total
-------------------------+-------+-------+-------+-------++-------
Melee: Hand axe          |    73 |    92 |   253 |   178 ||   596
       Headbutt          |     7 |    19 |    89 |    50 ||   165
 Fire: Shortbow          |       |       |   120 |   169 ||   289
Invok: Berserk           |     1 |     1 |     3 |     3 ||     8
       Burn Spellbooks   |       |       |     1 |       ||     1
       Brothers in Arms  |       |       |       |     1 ||     1
  Eat: Chunk             |     1 |     5 |    23 |    11 ||    40
       Fruit             |       |       |     2 |       ||     2
Armor: Leather armour    |     5 |       |       |       ||     5
       Chain mail        |    32 |    56 |    76 |   102 ||   266
Dodge: Dodged            |    27 |    43 |    84 |   104 ||   258
